TOP OF THE 1ST |
University of Florida Gators batting - Pitching for University of Miami Hurricanes : RHP Raymilson La Arena
|
Pitching: RHP Raymilson La Arena
|
|
Batting: LHB Terry Bayer
|
0-0: Ball 1-0: Fly out, F9 (Line Drive, 89M, EV 103.8 MPH)
|
Batting: RHB Luis Cabera
|
0-0: Foul Ball, location: 2F 0-1: Ball 1-1: Called Strike 1-2: Ball 2-2: Ground out 3-1 (Groundball, 13, EV 87.5 MPH)
|
Batting: RHB Ben Bailey
|
0-0: Ball 1-0: Swinging Strike 1-1: Foul Ball, location: 2F 1-2: Ball 2-2: Fly out, F8 (Flyball, 89M, EV 97.5 MPH)
|
Top of the 1st over - 0 runs, 0 hits, 0 errors, 0 left on base; University of Florida 0 - University of Miami 0 |
BOTTOM OF THE 1ST |
University of Miami Hurricanes batting - Pitching for University of Florida Gators : RHP Jordan Williams
|
Pitching: RHP Jordan Williams
|
|
Batting: SHB Taylor Shelton
|
0-0: Called Strike 0-1: Ball 1-1: Called Strike 1-2: Ball 2-2: Foul Ball, location: 2F 2-2: Ball 3-2: Ground out 1-3 (Groundball, 13, EV 62.5 MPH)
|
Batting: LHB Juan Zuniga
|
0-0: Ground out 3-1 (Groundball, 34S, EV 88.1 MPH)
|
Batting: RHB Chris Zubia
|
0-0: Swinging Strike 0-1: Called Strike 0-2: Ball 1-2: SINGLE (Groundball, 34D, EV 101.2 MPH)
|
Batting: RHB Luke Jensen
|
0-0: Called Strike 0-1: Ball Chris Zubia steals 2nd base 1-1: SINGLE (Flyball, 5D, EV 90.0 MPH) Chris Zubia to third
|
Batting: RHB Luis Sanchez
|
0-0: Called Strike Luke Jensen is caught stealing 2nd base 2-4
|
Bottom of the 1st over - 0 runs, 2 hits, 0 errors, 1 left on base; University of Florida 0 - University of Miami 0 |
TOP OF THE 2ND |
University of Florida Gators batting - Pitching for University of Miami Hurricanes : RHP Raymilson La Arena
|
Batting: SHB Nelson Carachure
|
0-0: Ball 1-0: Foul Ball, location: 2F 1-1: Foul Ball, location: 2F 1-2: Foul Ball, location: 2F 1-2: SOLO HOME RUN (Flyball, 7LD, EV 97.5 MPH), Distance : 372 ft
|
Batting: RHB Marco Morales
|
0-0: SINGLE (Groundball, 56D, EV 106.9 MPH)
|
Batting: RHB Elliott Pye
|
0-0: Grounds into double play, 5-4-3 (Groundball, 5, EV 83.1 MPH)
|
Batting: RHB C.J. Clifford
|
0-0: Ball 1-0: Ground out 4-3 (Groundball, 4, EV 86.2 MPH)
|
Top of the 2nd over - 1 run, 2 hits, 0 errors, 0 left on base; University of Florida 1 - University of Miami 0 |
BOTTOM OF THE 2ND |
University of Miami Hurricanes batting - Pitching for University of Florida Gators : RHP Jordan Williams
|
Batting: RHB Luis Sanchez
|
0-0: Ball 1-0: Foul Ball, location: 2F 1-1: Swinging Strike 1-2: Foul Ball, location: 2F 1-2: Ball 2-2: Ball 3-2: Ground out U3 (Groundball, 34, EV 94.4 MPH)
|
Batting: LHB Hector Salazar
|
0-0: Ball 1-0: Ground out U3 (Groundball, 3L, EV 83.1 MPH)
|
Batting: RHB Danny Gallardo
|
0-0: Called Strike 0-1: Called Strike 0-2: Strikes out swinging
|
Bottom of the 2nd over - 0 runs, 0 hits, 0 errors, 0 left on base; University of Florida 1 - University of Miami 0 |
TOP OF THE 3RD |
University of Florida Gators batting - Pitching for University of Miami Hurricanes : RHP Raymilson La Arena
|
Batting: RHB Hiromichi Takamoto
|
0-0: Called Strike 0-1: Called Strike 0-2: Ball 1-2: Ground out 4-3 (Groundball, 4S, EV 68.8 MPH)
|
Batting: RHB Jae-won Kwon
|
0-0: Fly out, F7 (Flyball, 7, EV 97.5 MPH)
|
Batting: LHB Terry Bayer
|
0-0: Ball 1-0: Foul Ball, location: 2F 1-1: Swinging Strike 1-2: Ball 2-2: Strikes out looking
|
Top of the 3rd over - 0 runs, 0 hits, 0 errors, 0 left on base; University of Florida 1 - University of Miami 0 |
BOTTOM OF THE 3RD |
University of Miami Hurricanes batting - Pitching for University of Florida Gators : RHP Jordan Williams
|
Batting: RHB Jonathan Gardner
|
0-0: Ball 1-0: Called Strike 1-1: Swinging Strike 1-2: Strikes out looking
|
Batting: RHB Justin Jackson
|
0-0: Ball 1-0: Ball 2-0: Ball 3-0: Called Strike 3-1: Called Strike 3-2: Foul Ball, location: 2F 3-2: Ground out 3-1 (Groundball, 34, EV 81.2 MPH)
|
Batting: SHB Taylor Shelton
|
0-0: Foul Ball, location: 2F 0-1: Called Strike 0-2: Strikes out swinging
|
Bottom of the 3rd over - 0 runs, 0 hits, 0 errors, 0 left on base; University of Florida 1 - University of Miami 0 |
TOP OF THE 4TH |
University of Florida Gators batting - Pitching for University of Miami Hurricanes : RHP Raymilson La Arena
|
Batting: RHB Luis Cabera
|
0-0: Ball 1-0: Ball 2-0: Ball 3-0: Base on Balls
|
Batting: RHB Ben Bailey
|
0-0: Ball 1-0: Ball 2-0: Ball 3-0: Called Strike 3-1: SINGLE (Line Drive, 56D, EV 94.4 MPH) Luis Cabera to second
|
Batting: SHB Nelson Carachure
|
0-0: Called Strike 0-1: Ball 1-1: DOUBLE (Line Drive, 9LM, EV 112.5 MPH) Luis Cabera scores Ben Bailey to third
|
Batting: RHB Marco Morales
|
0-0: Ball 1-0: Called Strike 1-1: Foul Ball, location: 2F 1-2: Ball 2-2: Ground out 6-3 (Groundball, 6, EV 82.5 MPH) Ben Bailey scores Nelson Carachure to third
|
Batting: RHB Elliott Pye
|
0-0: Ball Wild Pitch! Nelson Carachure scores 1-0: Swinging Strike 1-1: Swinging Strike 1-2: Strikes out swinging
|
Batting: RHB C.J. Clifford
|
0-0: Foul Ball, location: 2F 0-1: Ground out 4-3 (Groundball, 4M, EV 87.5 MPH)
|
Top of the 4th over - 3 runs, 2 hits, 0 errors, 0 left on base; University of Florida 4 - University of Miami 0 |
BOTTOM OF THE 4TH |
University of Miami Hurricanes batting - Pitching for University of Florida Gators : RHP Jordan Williams
|
Batting: LHB Juan Zuniga
|
0-0: Ball 1-0: Ball 2-0: Called Strike 2-1: SINGLE (Groundball, 5D, EV 105.0 MPH)
|
Batting: RHB Chris Zubia
|
0-0: Ball Juan Zuniga steals 2nd base 1-0: Called Strike 1-1: Swinging Strike 1-2: SINGLE (Groundball, 6D, EV 96.2 MPH) Juan Zuniga to third Runner from 3rd tries for Home, SAFE, throw by CF to home
|
Batting: RHB Luke Jensen
|
0-0: Swinging Strike 0-1: Foul Ball, location: 2F 0-2: Strikes out swinging
|
Batting: RHB Luis Sanchez
|
0-0: Ball 1-0: Foul Ball, location: 2F 1-1: Foul Ball, location: 2F 1-2: Ball 2-2: Foul Ball, location: 2F 2-2: Foul Ball, location: 2F 2-2: Strikes out looking
|
Batting: LHB Hector Salazar
|
0-0: Ball 1-0: Ball 2-0: Foul Ball, location: 2F 2-1: Called Strike 2-2: Ground out 5-3 (Groundball, 5S, EV 63.8 MPH)
|
Bottom of the 4th over - 1 run, 2 hits, 0 errors, 1 left on base; University of Florida 4 - University of Miami 1 |
TOP OF THE 5TH |
University of Florida Gators batting - Pitching for University of Miami Hurricanes : RHP Raymilson La Arena
|
Now at 1B: Chun-hak Ahn
|
|
Now at 3B: Addergoole Kartosuwiryo
|
|
Now in CF: Mark Kerr
|
|
Now in RF: Jaquan Dumas
|
|
Batting: RHB Hiromichi Takamoto
|
0-0: Ball 1-0: Fly out, F8 (Flyball, 8RD, EV 100.0 MPH)
|
Batting: RHB Jae-won Kwon
|
0-0: Called Strike 0-1: SINGLE (Groundball, 6MD, EV 98.8 MPH)
|
Batting: LHB Terry Bayer
|
0-0: Ball 1-0: Foul Ball, location: 2F 1-1: DOUBLE (Line Drive, 8RXD, EV 111.9 MPH) Jae-won Kwon to third
|
Batting: RHB Luis Cabera
|
0-0: Foul Ball, location: 2F 0-1: Ball 1-1: Called Strike 1-2: Ball 2-2: Ball 3-2: Fly out, F7 (Flyball, 7S, EV 90.0 MPH)
|
Batting: RHB Ben Bailey
|
0-0: Ball 1-0: Foul Ball, location: 2F 1-1: Ball 2-1: Called Strike 2-2: Strikes out swinging
|
Top of the 5th over - 0 runs, 2 hits, 0 errors, 2 left on base; University of Florida 4 - University of Miami 1 |
BOTTOM OF THE 5TH |
University of Miami Hurricanes batting - Pitching for University of Florida Gators : RHP Jordan Williams
|
Pitching: LHP Matt Fredell
|
|
Now at 1B: Roy Davies
|
|
Now in CF: Juan Cadavid
|
|
Now in RF: Pat Justice
|
|
Batting: RHB Danny Gallardo
|
0-0: Foul Ball, location: 2F 0-1: Fly out, F8 (Flyball, 89M, EV 84.4 MPH)
|
Batting: RHB Jonathan Gardner
|
0-0: Ball 1-0: Ground out 1-3 (Groundball, 13S, EV 63.1 MPH)
|
Batting: RHB Justin Jackson
|
0-0: Ball 1-0: Ball 2-0: Foul Ball, location: 2F 2-1: Ball 3-1: Base on Balls
|
Pinch Hitting: RHB Drew Morgenstern
|
0-0: Ball 1-0: Ball Wild Pitch! Justin Jackson to second 2-0: Called Strike 2-1: Reached on error, E4 (Groundball, 4, EV 98.8 MPH) Justin Jackson to third
|
Batting: LHB Addergoole Kartosuwiryo
|
0-0: SINGLE (Groundball, 5S, EV 71.2 MPH) (infield hit) Justin Jackson scores Drew Morgenstern to second
|
Pinch Hitting: RHB Leonardo Morales
|
0-0: Swinging Strike 0-1: Ball 1-1: Called Strike 1-2: Strikes out swinging
|
Bottom of the 5th over - 1 run, 1 hit, 1 error, 2 left on base; University of Florida 4 - University of Miami 2 |
TOP OF THE 6TH |
University of Florida Gators batting - Pitching for University of Miami Hurricanes : RHP Raymilson La Arena
|
Pitching: RHP Wakina Olopoto
|
|
Now at 2B: Drew Morgenstern
|
|
Now in LF: Rusty Craig
|
|
Now in CF: Brian Woods
|
|
Pinch Hitting: LHB Penrod Winter
|
0-0: Called Strike 0-1: SOLO HOME RUN (Flyball, 89XD, EV 100.6 MPH), Distance : 421 ft
|
Pinch Hitting: RHB Gong-sun Law
|
0-0: Ball 1-0: Swinging Strike 1-1: Ball 2-1: Foul Ball, location: 2F 2-2: Strikes out swinging, 2-3 out at first.
|
Pinch Hitting: RHB Manny Harrison
|
0-0: Called Strike 0-1: Ground out 4-3 (Groundball, 4, EV 84.4 MPH)
|
Pinch Hitting: RHB Juan Lopez
|
0-0: Called Strike 0-1: Ball 1-1: Ball 2-1: Ground out 5-3 (Groundball, 5L, EV 85.0 MPH)
|
Top of the 6th over - 1 run, 1 hit, 0 errors, 0 left on base; University of Florida 5 - University of Miami 2 |
BOTTOM OF THE 6TH |
University of Miami Hurricanes batting - Pitching for University of Florida Gators : LHP Matt Fredell
|
Now at 2B: Tokuichi Ishida
|
|
Now at 3B: Keith Kamerling
|
|
Now at SS: Gong-sun Law
|
|
Now in LF: Lião Weishampt
|
|
Batting: RHB Jaquan Dumas
|
0-0: Ball 1-0: Called Strike 1-1: Swinging Strike 1-2: Ball 2-2: Fly out, F8 (Flyball, 8RXD, EV 92.5 MPH)
|
Batting: RHB Sam Costello
|
0-0: Ground out 5-3 (Groundball, 56, EV 88.8 MPH)
|
Batting: RHB Chun-hak Ahn
|
0-0: Ball 1-0: Ground out 1-3 (Groundball, P, EV 68.1 MPH)
|
Bottom of the 6th over - 0 runs, 0 hits, 0 errors, 0 left on base; University of Florida 5 - University of Miami 2 |
TOP OF THE 7TH |
University of Florida Gators batting - Pitching for University of Miami Hurricanes : RHP Wakina Olopoto
|
Pitching: RHP Robin Kay
|
|
Now at C: Edward Purkis
|
|
Now at SS: Tu Vo
|
|
Batting: SHB Pat Justice
|
0-0: Ball 1-0: Ball 2-0: Called Strike 2-1: Foul Ball, location: 2F 2-2: Ball 3-2: Foul Ball, location: 2F 3-2: Foul Ball, location: 2F 3-2: Strikes out swinging
|
Pinch Hitting: RHB Robert Mason
|
0-0: Ball 1-0: Ball 2-0: Foul Ball, location: 2F 2-1: Ball 3-1: Base on Balls
|
Batting: LHB Juan Cadavid
|
0-0: Foul Ball, location: 2F 0-1: Ball 1-1: Ball 2-1: Swinging Strike 2-2: Fly out, F7 (Flyball, 7LM, EV 90.0 MPH)
|
Batting: RHB Jay Rudacille
|
0-0: Foul Ball, location: 2F Pickoff Throw to First - Out! 1-3
|
Top of the 7th over - 0 runs, 0 hits, 0 errors, 0 left on base; University of Florida 5 - University of Miami 2 |
BOTTOM OF THE 7TH |
University of Miami Hurricanes batting - Pitching for University of Florida Gators : LHP Matt Fredell
|
Pitching: RHP Carlos Figueroa
|
|
Now at C: Angelo Rentas
|
|
Batting: RHB Edward Purkis
|
0-0: Ball 1-0: Fly out, F8 (Flyball, 8LM, EV 92.5 MPH)
|
Batting: LHB Brian Woods
|
0-0: Foul Ball, location: 2F 0-1: Ball 1-1: Ball 2-1: Ball 3-1: Foul Ball, location: 2F 3-2: Base on Balls
|
Pinch Hitting: RHB Danny Diaz
|
0-0: Called Strike 0-1: Ball 1-1: Ball 2-1: Called Strike 2-2: Strikes out swinging
|
Batting: RHB Drew Morgenstern
|
0-0: Swinging Strike 0-1: Ball 1-1: Called Strike 1-2: Strikes out swinging
|
Bottom of the 7th over - 0 runs, 0 hits, 0 errors, 1 left on base; University of Florida 5 - University of Miami 2 |
TOP OF THE 8TH |
University of Florida Gators batting - Pitching for University of Miami Hurricanes : RHP Robin Kay
|
Pitching: LHP Bert Anderson
|
|
Now at SS: C.J. Fleet
|
|
Batting: RHB Jay Rudacille
|
0-0: Called Strike 0-1: Called Strike 0-2: Fly out, F9 (Line Drive, 9, EV 98.8 MPH)
|
Pinch Hitting: SHB Michael Medina
|
0-0: Ball 1-0: Ball 2-0: Called Strike 2-1: Fly out, F8 (Flyball, 8LD, EV 95.0 MPH)
|
Batting: RHB Lião Weishampt
|
0-0: Ball 1-0: Ball 2-0: Foul Ball, location: 2F 2-1: Foul Ball, location: 2F 2-2: SOLO HOME RUN (Flyball, 7D, EV 103.8 MPH), Distance : 407 ft
|
Batting: RHB Gong-sun Law
|
0-0: Ball 1-0: Ball 2-0: Ball 3-0: Called Strike 3-1: Fly out, F9 (Flyball, 89XD, EV 98.8 MPH)
|
Top of the 8th over - 1 run, 1 hit, 0 errors, 0 left on base; University of Florida 6 - University of Miami 2 |
BOTTOM OF THE 8TH |
University of Miami Hurricanes batting - Pitching for University of Florida Gators : RHP Carlos Figueroa
|
Pitching: RHP Shinshou Yamamoto
|
|
Now at 1B: Dave Newsome
|
|
Batting: LHB Addergoole Kartosuwiryo
|
0-0: Ball 1-0: Foul Ball, location: 2F 1-1: Swinging Strike 1-2: Strikes out looking
|
Batting: LHB Rusty Craig
|
0-0: Swinging Strike 0-1: Ball 1-1: Called Strike 1-2: Strikes out swinging
|
Pinch Hitting: SHB Steve Bailey
|
0-0: Ball 1-0: Ball 2-0: Swinging Strike 2-1: Ground out 4-3 (Groundball, 4, EV 78.1 MPH)
|
Bottom of the 8th over - 0 runs, 0 hits, 0 errors, 0 left on base; University of Florida 6 - University of Miami 2 |
TOP OF THE 9TH |
University of Florida Gators batting - Pitching for University of Miami Hurricanes : LHP Bert Anderson
|
Pitching: RHP Bill Snelgrove
|
|
Now in RF: Burke Miller
|
|
Batting: RHB Keith Kamerling
|
0-0: Foul Ball, location: 2F 0-1: Ball 1-1: Ground out 6-3 (Groundball, 6, EV 78.1 MPH)
|
Batting: SHB Tokuichi Ishida
|
0-0: Ball 1-0: Ball 2-0: Fly out, F5 (Popup, 56, EV 70.0 MPH)
|
Batting: SHB Pat Justice
|
0-0: Ball 1-0: Ground out U3 (Groundball, 34, EV 85.6 MPH)
|
Top of the 9th over - 0 runs, 0 hits, 0 errors, 0 left on base; University of Florida 6 - University of Miami 2 |
BOTTOM OF THE 9TH |
University of Miami Hurricanes batting - Pitching for University of Florida Gators : RHP Shinshou Yamamoto
|
Pitching: RHP Marv Harris
|
|
Batting: RHB Sam Costello
|
0-0: Called Strike 0-1: Foul Ball, location: 2F 0-2: Ball 1-2: Ball 2-2: Ground out 3-1 (Groundball, 34S, EV 88.1 MPH)
|
Pinch Hitting: RHB Harry Borrelli
|
0-0: Called Strike 0-1: Ball 1-1: Reached on error, E5 (Groundball, 56, EV 88.8 MPH)
|
Batting: RHB Edward Purkis
|
0-0: Called Strike 0-1: Ball 1-1: Called Strike 1-2: Ball 2-2: Strikes out swinging
|
Batting: LHB Brian Woods
|
0-0: Called Strike 0-1: Called Strike 0-2: Ball 1-2: Strikes out looking
|
Bottom of the 9th over - 0 runs, 0 hits, 1 error, 1 left on base; University of Florida 6 - University of Miami 2 |
|